 Dungeon Crawl Stone Soup version 0.28.0-43-g3370ac3207 (webtiles) character file.

Game seed: 4614754945051724312

81 xzight the Covered (level 4, -4/29 HPs)
             Began as a Gargoyle Fighter on Mar 7, 2022.
             Slain by a hell rat (12 damage)
             ... in a sewer.
             The game lasted 00:04:30 (2059 turns).

xzight the Covered (Gargoyle Fighter)               Turns: 2059, Time: 00:04:31

Health: -4/29      AC: 16    Str: 21    XL:     4   Next: 40%
Magic:  4/4        EV:  5    Int:  9    God:
Gold:   90         SH:  4    Dex:  9    Spells: 3/3 levels left

rFire   . . .      SeeInvis .   a - +0 war axe
rCold   . . .      Faith    .   c - +0 buckler
rNeg    + . .      Spirit   .   k - +0 plate armour
rPois   ∞          Reflect  .   (no helmet)
rElec   +          Harm     .   (no cloak)
rCorr   .          Rampage  .   (no gloves)
Will    .....                   j - +0 pair of boots
Stlth   ..........              (no amulet)
HPRegen 0.09/turn               (no ring)
MPRegen 0.09/turn               (no ring)

@: no status effects
A: sickness immunity, AC +3, negative energy resistance 1, electricity
resistance, torment resistance 1, petrification resistance
a: no special abilities


You were in a sewer.
You visited 1 branch of the dungeon, and saw 3 of its levels.
You also visited: Sewer.

You collected 90 gold pieces.


Innate Abilities, Weirdness & Mutations

You are immune to sickness and miasma.
Your stone body is resilient. (AC +3)
You are immune to poison.
You resist negative energy. (rN+)
You are resistant to electric shocks. (rElec)
You are resistant to unholy torment.
You are immune to petrification.


   Skills:
 + Level 3.9 Fighting
 * Level 3.1 Axes
 + Level 4.0 Armour
 - Level 3.2 Shields


You had 3 spell levels left.
You didn't know any spells.
Your spell library contained the following spells:

 Spells                   Type           Power      Damage    Failure   Level
 Foxfire                  Conj/Fire      0%         2x1d4     100%        1
 Conjure Flame            Conj/Fire      0%         6-21      100%        3
 Inner Flame              Hex/Fire       0%         N/A       100%        3
 Flame Wave               Conj/Fire      0%         2d4       100%        4

Inventory:

Hand Weapons
 a - a +0 war axe (weapon)
Missiles
 g - a throwing net (quivered) {=f}
Armour
 c - a +0 buckler (worn)
 j - a +0 pair of boots (worn)
 k - a +0 plate armour (worn)
Scrolls
 b - a scroll of teleportation {unknown}
 f - a scroll of magic mapping
 h - a scroll of amnesia
 i - a scroll of brand weapon {unknown}
Potions
 d - a potion of might
 e - 2 potions of brilliance
 l - a potion of attraction {unknown}

Dungeon Overview and Level Annotations

Branches:
Dungeon (3/15)              Sewer (1/1)

Altars:

Shops:
D:2

( ###.≈≈≈.∩.≈≈≈≈###
#.≈≈.≈▒▒▒▒▒≈≈≈..#
##..≈▒▒▒!∩!▒▒▒≈.≈##
#...▒▒≈)!!!!≈▒▒≈≈.#
#≈≈≈▒≈≈≈≈≈≈...▒≈≈≈#
#≈≈†▒▒.≈≈≈≈≈≈▒▒≈≈≈#
##≈.≈▒▒▒.≈.▒▒▒.≈≈#
#≈.≈†≈▒▒r▒▒≈≈..≈#
###.†≈.≈≈@†..≈###
###...≈.≈.###
#########


You could see a hell rat.


Message History

You enter the shallow water.
Moving in this stuff is going to be slow.
You slash the rat!
You kill the rat!
Unknown command.
You see here a rat corpse.
You open the door.
A hell rat comes into view.
The hell rat roars deafeningly!
Found four items.
Found a gate leading back out of this place.
Found a lumpy silvery potion, a red potion and a smoky orange potion.
There is an open door here.
You slash the hell rat!
The hell rat is heavily wounded.
The hell rat bites you.
You hit the hell rat but do no damage.
The hell rat is heavily wounded.
The hell rat bites you. x2
You barely miss the hell rat.
The hell rat is heavily wounded.
You block the hell rat's attack. The hell rat closely misses you.
You closely miss the hell rat.
The hell rat is heavily wounded.
The hell rat bites you!
* * * LOW HITPOINT WARNING * * *
You closely miss the hell rat.
The hell rat is heavily wounded.
You block the hell rat's attack. The hell rat bites you!
You die...

Skill      XL: |  1  2  3  4 |
---------------+-------------+-----
Axes           | 2 3 |  3.1
Armour         | 4 |  4.0
Fighting       | |  3.9
Shields        | |  3.2

Action                   |  1- 3 |  4- 6 || total
-------------------------+-------+-------++-------
Melee: War axe           |   128 |    34 ||   162
  Use: Scroll            |     3 |       ||     3
Armor: Scale mail        |    17 |       ||    17
       Chain mail        |    62 |       ||    62
       Plate armour      |    10 |    17 ||    27
Dodge: Dodged            |    57 |     5 ||    62
Block: Buckler           |    30 |     5 ||    35

Levels and vault maps discovered:
D:1:      dpeg_arrival_boxorama, layout_basic
D:2:      layout_rooms, serial_shops, nicolae_diamond_shop,
          shapermc_ecumenical_altar_starsandcircs, minivault_5, eino_curves_04,
          minivault_25, guppyfry_early_orc_mine
D:3:      layout_rooms, portal_sewer_entry_b
Sewer:    sewer_hellmonk_bad_rat

Notes
Turn   | Place    | Note
-------+----------+-------------------------------------------
     0 | D:1      | xzight the Gargoyle Fighter began the quest for the Orb.
     0 | D:1      | Reached XP level 1. HP: 14/14 MP: 1/1
   211 | D:1      | Reached skill level 2 in Axes
   218 | D:1      | Reached XP level 2. HP: 19/19 MP: 2/2
  1089 | D:2      | Reached XP level 3. HP: 23/23 MP: 3/3
  1403 | D:2      | Found Arosk's Antique Weapon Shoppe.
  1464 | D:2      | Found a faded altar of an unknown god.
  1968 | D:3      | Found a glowing drain.
  1975 | D:3      | Reached skill level 3 in Axes
  1975 | D:3      | Reached XP level 4. HP: 26/29 MP: 4/4
  1982 | Sewer    | Entered a sewer
  2028 | Sewer    | Reached skill level 4 in Armour
  2059 | Sewer    | Slain by a hell rat

Vanquished Creatures
  An adder (D:2)
  2 river rats
  A dart slug (D:2)
  3 orcs (D:2)
  7 ball pythons
  4 endoplasms
  5 giant cockroaches
  4 goblins (D:2)
  4 hobgoblins
  4 kobolds
  A quokka (D:1)
  2 bats
  A frilled lizard (D:2)
  8 rats
47 creatures vanquished.

Table legend: (Time is in decaauts)
 A = Elapsed time spent in this place.
 B = Non-inter-level travel time spent in this place.
 C = Inter-level travel time spent in this place.
 D = Time resting spent in this place.
 E = Time spent auto-exploring this place.
 F = Levels seen in this place.
 G = Mean time per level.
                   A        B        C        D        E       F      G
               +--------+--------+--------+--------+--------+-----+--------+
         Total |   2131 |   1924 |    207 |    310 |   1128 |   4 |  532.8 |
       Dungeon |   2035 |   1828 |    207 |    306 |   1117 |   3 |  678.3 |
         Sewer |     95 |     95 |      0 |      4 |     11 |   1 |   95.0 |
               +--------+--------+--------+--------+--------+-----+--------+

Top non-repeatable levels by time:
     D:2: 1010 daAuts
     D:1: 931 daAuts
   Sewer: 95 daAuts
     D:3: 93 daAuts

Table legend:
 A = Non-vault XP
 B = Vault XP
 C = Vault XP percentage of total XP
 D = Non-vault monster count
 E = Vault monster count
 F = Vault count percentage of total count
                 A         B        C        D         E       F
            +---------+---------+-------+---------+---------+-------
      Total |      62 |      54 |  46.6 |      28 |      19 |  40.4
            +---------+---------+-------+---------+---------+-------
        D:1 |      27 |       0 |   0.0 |      15 |       0 |   0.0
        D:2 |      33 |      16 |  32.7 |      12 |       7 |  36.8
        D:3 |       2 |      18 |  90.0 |       1 |       4 |  80.0
      Sewer |       0 |      20 | 100.0 |       0 |       8 | 100.0
            +---------+---------+-------+---------+---------+-------
